 Dungeon Crawl Stone Soup version 0.21.0-3-g78d12a8 (webtiles) character file.

46797 Faca the Carver (level 14, -8/113 HPs)
             Began as a Formicid Fighter on Jan 11, 2018.
             Was a High Priest of Yredelemnul.
             Mangled by an orc knight
             ... wielding a +0 long sword
              (16 damage)
             ... on level 1 of the Orcish Mines.
             The game lasted 00:58:52 (26682 turns).

Faca the Carver (Formicid Fighter)                 Turns: 26682, Time: 00:58:53

Health: -8/113     AC: 18    Str: 25    XL:     14   Next: 78%
Magic:  22/22      EV: 10    Int:  8    God:    Yredelemnul [*****.]
Gold:   1741       SH: 14    Dex: 11    Spells: 13/13 levels left

rFire    + . .     SeeInvis +   t - +1 scimitar (drain)
rCold    . . .     Gourm    +   c - +1 shield
rNeg     . . .     Faith    .   x - +3 chain mail "Noff" {rC+ rCorr}
rPois    +         Spirit   .   (helmet unavailable)
rElec    .         Reflect  .   (no cloak)
rCorr    +         Harm     .   i - +0 pair of gloves
MR       +....                  B - +1 pair of boots
Stlth    ..........             k - amulet of the gourmand
HPRegen  0.28/turn              h - +2 ring of evasion
MPRegen  0.18/turn              l - ring of the Unkillable {Fire rPois Str+2 Dex-2}

@: studying Polearms, drained
A: permanent stasis, dig shafts and tunnels, four strong arms, antennae 3
a: Dig, Shaft Self, Recall Undead Slaves, Injury Mirror, Animate Dead, Drain
Life, Enslave Soul, Renounce Religion


You were on level 1 of the Orcish Mines.
You worshipped Yredelemnul.
Yredelemnul was extremely pleased with you.
You were not hungry.

You visited 4 branches of the dungeon, and saw 19 of its levels.
You also visited: Labyrinth.

You collected 1741 gold pieces.

Inventory:

Hand Weapons
 t - a +1 scimitar of draining (weapon)
 w - a +2 short sword of venom
Armour
 c - a +1 shield (worn)
 i - a +0 pair of gloves (worn)
 o - a +0 plate armour
 r - a +0 large shield
 x - the +3 chain mail "Noff" (worn) {rC+ rCorr}
   (You found it in a labyrinth)

   It protects you from cold.
   It protects you from acid and corrosion.
 B - a +1 pair of boots (worn)
Jewellery
 d - an uncursed ring of fire
 h - a +2 ring of evasion (left hand)
 k - an amulet of the gourmand (around neck)
 l - the ring of the Unkillable (right hand) {Fire rPois Str+2 Dex-2}
   (You found it on level 5 of the Lair of Beasts)

   [ring of fire]

   It enhances your fire magic.
   It affects your strength (+2).
   It affects your dexterity (-2).
   It protects you from fire.
   It makes you vulnerable to cold.
   It protects you from poison.
Wands
 v - a wand of disintegration (27)
 y - a wand of digging (23)
Scrolls
 g - 4 scrolls of fog
 j - a scroll of silence
 m - 4 scrolls of identify
 q - 13 scrolls of remove curse
Potions
 a - 2 potions of curing
 b - 4 potions of flight
 u - 3 potions of cancellation
Books
 n - a manual of Polearms
Comestibles
 f - 30 rations


   Skills:
 + Level 11.6(10.9) Fighting
 * Level 14.3(13.5) Long Blades
 + Level 11.6(10.9) Armour
 + Level 12.5(11.8) Shields
 + Level 11.2(10.5) Invocations


You had 13 spell levels left.
You didn't know any spells.

Dungeon Overview and Level Annotations

Branches:
Dungeon (11/15)            Temple (1/1) D:4            Lair (6/6) D:11
  Swamp (0/4) Lair:3        Snake (0/4) Lair:2        Slime (0/5) Lair:6
    Orc (1/2) D:10

Altars:
Ashenzari
Cheibriados
Dithmenos
Elyvilon
Fedhas
Gozag
Kikubaaqudgha
Makhleb
Nemelex Xobeh
Okawaru
Qazlal
Ru
Sif Muna
Trog
Uskayaw
Vehumet
Wu Jian
Xom
Yredelemnul
Zin
The Shining One

Portals:
Trove: D:11 (give +5 demon blade)


Innate Abilities, Weirdness & Mutations

You cannot be hasted, slowed, berserked, paralysed or teleported.
You can dig through walls and to a lower floor.
Your four strong arms can wield two-handed weapons with a shield.
You have a pair of large antennae on your head. (SInv)


Message History

The orc sorcerer is almost dead.
The orc sorcerer points at you and mumbles some strange words.
The bolt of fire hits you! You resist.
* * * LOW HITPOINT WARNING * * *
Your wraith barely misses the smoke demon.
The orc hits you but does no damage. You block the orc warrior's attack.
You hit the orc sorcerer. You drain the orc sorcerer!
You kill the orc sorcerer!
Yredelemnul accepts your kill.
The smoke demon disappears in a puff of smoke!
The orc knight roars a battlecry!
The orc goes into a battle-frenzy!
Your wraith barely misses the orc knight.
You block the orc's attack.
You barely miss the orc.
The orc is almost dead.
You block the orc warrior's attack.
The orc knight hits you with a long sword!
You die...
Your body rises from the dead as a mindless zombie.

## ## ###.###.### #
##....#............. ##.
#...................
#...#..............>....
.....o..................
......o)................
#...o@................
#..§W.................
#..#.##........)...#..
#... ## #...............
... ##..##.#.<)).... #.
##.#.....#)..#. #
#...#.......#..
##.............
##....#.#.....


You could see an orc knight, an orc warrior, an orc and a friendly wraith.

Vanquished Creatures
  4 dire elephants (Lair:6)
  A minotaur (Lab)
  4 hydras
  2 catoblepae
  An anaconda (Lair:6)
  3 two-headed ogres
  The ghost of nel the Stickfighter, a journeyman DsGl of Hepliaklqana (D:11)
  An unseen horror (D:11)
  Pikel (D:7)
  2 orc sorcerers (Orc:1)
  An ugly thing (D:11)
  2 manticores
  8 elephants
  A black mamba (Lair:2)
  9 spiny frogs
  6 komodo dragons
  5 rime drakes
  A queen bee (D:9)
  2 trolls (D:11)
  12 dream sheep
  15 hippogriffs
  5 wyverns (Lair:5)
  A vampire (D:10)
  4 basilisks (Lair:5)
  9 yaks
  2 wargs
  Menkaure (D:6)
  A naga (Lair:2)
  5 water moccasins
  7 porcupines
  Duvessa (D:7)
  A hornet zombie (D:6)
  A sky beast (D:5)
  4 black bears
  9 orc warriors
  3 ice beasts
  2 phantoms
  5 ogres
  14 centaurs
  6 wolves (Lair:4)
  5 crocodiles
  A big kobold (D:11)
  12 bullfrogs
  Dowan (D:7)
  A water moccasin zombie (D:10)
  3 scorpions
  A wyvern skeleton (D:9)
  33 killer bees
  An electric eel (Lair:3)
  A vampire bat (D:4)
  3 howler monkeys
  7 crimson imps
  2 quasits
  7 orc priests
  2 centaur skeletons
  2 bullfrog skeletons
  2 jellies
  3 hounds
  Jessica (D:3)
  15 orc wizards
  3 iguanas
  Terence (D:3)
  4 worker ants
  A killer bee zombie (D:5)
  A hound zombie (D:9)
  2 hound skeletons
  A howler monkey skeleton (D:8)
  12 adders
  9 gnolls
  3 shadow imps
  An adder skeleton (D:9)
  3 worms
  3 dart slugs
  3 fire bats (D:4)
  5 leopard geckos
  39 orcs
  2 spectral bats (D:4)
  17 bats
  3 bat skeletons (D:4)
  5 bat zombies
  9 giant cockroaches
  8 hobgoblins
  9 jackals
  15 kobolds
  6 quokkas
  A bat simulacrum (D:4)
  3 frilled lizards (D:2)
  6 goblins
  A leopard gecko zombie (D:6)
  4 rats
  A rat zombie (D:2)
  2 plants (Lair:6)
449 creatures vanquished.

Vanquished Creatures (collateral kills)
  Gastronok (D:10)
  A dire elephant (Lair:2)
  2 hydras
  A two-headed ogre (D:9)
  A lindwurm (Lair:2)
  A black mamba (Lair:2)
  4 spiny frogs
  2 rime drakes (Lair:2)
  2 komodo dragons
  A troll (Orc:1)
  3 hippogriffs
  4 dream sheep (Lair:6)
  2 yaks (Lair:6)
  A basilisk (Lair:2)
  A hungry ghost (D:10)
  3 wargs (D:10)
  A naga (Lair:2)
  A water moccasin (Lair:2)
  An ice beast (D:9)
  An ogre (D:10)
  2 crocodiles
  3 bullfrogs
  A killer bee (D:9)
  An orc priest (D:10)
  An orc wizard (D:10)
  A worker ant (D:10)
  An adder (D:9)
  An orc (D:10)
  3 fungi
  7 plants
55 creatures vanquished.

Vanquished Creatures (others)
  11 flying skulls
  3 vampires
  2 basilisks (Lair:5)
  A wight (D:11)
  2 mummies (D:11)
  An orc (D:6)
  17 fungi
  18 plants
  6 toadstools (Lair:2)
61 creatures vanquished.

Grand Total: 565 creatures vanquished

Notes
Turn   | Place    | Note
-------+----------+-------------------------------------------
     0 | D:1      | Faca the Formicid Fighter began the quest for the Orb.
     0 | D:1      | Reached XP level 1. HP: 18/18 MP: 1/1
   160 | D:1      | Reached XP level 2. HP: 5/24 MP: 2/2
   882 | D:1      | Reached XP level 3. HP: 17/29 MP: 3/3
  1171 | D:2      | Found an ancient bone altar of Kikubaaqudgha.
  1222 | D:2      | Reached XP level 4. HP: 37/37 MP: 4/4
  1270 | D:2      | Reached skill level 3 in Long Blades
  1832 | D:3      | Found a bloodstained altar of Trog.
  1980 | D:3      | Noticed Jessica
  1989 | D:3      | Killed Jessica
  1989 | D:3      | Reached XP level 5. HP: 42/42 MP: 5/5
  2034 | D:3      | Noticed Terence
  2053 | D:3      | Killed Terence
  2489 | D:3      | Noticed an ogre
  2496 | D:3      | Killed an ogre
  2496 | D:3      | Reached skill level 4 in Long Blades
  2496 | D:3      | Reached XP level 6. HP: 48/48 MP: 6/6
  2584 | D:3      | Found a glowing silver altar of Zin.
  2584 | D:3      | Found a shattered altar of Ashenzari.
  2588 | D:3      | Found a glowing golden altar of the Shining One.
  2833 | D:4      | Noticed an ogre
  2842 | D:3      | Killed an ogre
  2842 | D:3      | Reached skill level 5 in Shields
  3041 | D:4      | Found a staircase to the Ecumenical Temple.
  3050 | Temple   | Entered the Ecumenical Temple
  3095 | Temple   | Became a worshipper of Yredelemnul the Dark
  3168 | D:4      | Reached XP level 7. HP: 53/55 MP: 7/7
  3275 | D:4      | Found a sparkling altar of Nemelex Xobeh.
  3539 | D:4      | Reached skill level 5 in Long Blades
  3628 | D:4      | Reached skill level 5 in Armour
  3736 | D:5      | Entered Level 5 of the Dungeon
  3845 | D:4      | Reached skill level 5 in Fighting
  4013 | D:5      | Reached * piety under Yredelemnul
  4023 | D:5      | Reached XP level 8. HP: 45/62 MP: 8/8
  4936 | D:5      | Reached skill level 6 in Long Blades
  5138 | D:5      | Found a deep blue altar of Sif Muna.
  5639 | D:5      | Reached skill level 1 in Invocations
  6074 | D:6      | Noticed Menkaure
  6084 | D:6      | Killed Menkaure
  6165 | D:6      | Reached XP level 9. HP: 53/69 MP: 10/10
  6279 | D:6      | Reached skill level 7 in Long Blades
  6508 | D:6      | Reached ** piety under Yredelemnul
  6793 | D:6      | Found a shadowy altar of Dithmenos.
  6823 | D:7      | Found a stormy altar of Qazlal.
  6997 | D:7      | Noticed Duvessa
  6998 | D:7      | Noticed Dowan
  7004 | D:7      | Killed Duvessa
  7014 | D:7      | Killed Dowan
  7190 | D:7      | Noticed a hippogriff
  7204 | D:7      | Killed a hippogriff
  7499 | D:7      | Noticed Pikel
  7545 | D:7      | Killed Pikel
  7545 | D:7      | Reached skill level 8 in Long Blades
  7545 | D:7      | Reached XP level 10. HP: 69/77 MP: 11/13
  9340 | D:8      | Reached skill level 5 in Invocations
  9522 | D:8      | Reached *** piety under Yredelemnul
  9574 | D:8      | Reached skill level 9 in Long Blades
 11168 | D:9      | Noticed a two-headed ogre
 11213 | D:9      | Killed a two-headed ogre
 11213 | D:9      | Reached XP level 11. HP: 81/86 MP: 15/15
 11666 | D:9      | Reached skill level 10 in Long Blades
 12016 | D:9      | Received a gift from Yredelemnul (5 flying skulls)
 12454 | D:9      | Reached **** piety under Yredelemnul
 12477 | D:9      | Noticed a two-headed ogre
 12483 | D:9      | Killed a two-headed ogre
 12922 | D:10     | Entered Level 10 of the Dungeon
 12939 | D:10     | Found a staircase to the Orcish Mines.
 12997 | D:10     | Noticed an eight-headed hydra
 13004 | D:10     | Killed an eight-headed hydra
 13469 | D:10     | Noticed Gastronok
 13508 | D:10     | Killed Gastronok
 13908 | D:9      | Received a gift from Yredelemnul (a mummy)
 13914 | D:9      | Found an ancient bone altar of Kikubaaqudgha.
 13983 | D:10     | Noticed a two-headed ogre
 13994 | D:10     | Killed a two-headed ogre
 13994 | D:10     | Reached skill level 11 in Long Blades
 13994 | D:10     | Reached XP level 12. HP: 78/95 MP: 17/17
 14359 | D:11     | Reached skill level 10 in Shields
 14482 | D:11     | Received a gift from Yredelemnul (a wight)
 14911 | D:11     | Received a gift from Yredelemnul (a mummy)
 15309 | D:11     | Noticed an unseen horror
 15325 | D:11     | Killed an unseen horror
 15347 | D:11     | Got a shimmering ring mail
 15391 | D:11     | Noticed a two-headed ogre
 15422 | D:11     | Killed a two-headed ogre
 15578 | D:11     | Identified the +5 ring mail of Curiosity {-Cast +Inv MR+ SInv} (You took it off a kobold on level 11 of the Dungeon)
 15634 | D:11     | Found a staircase to the Lair.
 15668 | D:11     | Noticed nel's ghost (journeyman DsGl)
 15691 | D:11     | Killed nel's ghost
 15795 | D:11     | Found a portal to a secret trove of treasure.
 16464 | Lair:1   | Entered Level 1 of the Lair of Beasts
 16925 | Lair:1   | Reached skill level 12 in Long Blades
 16925 | Lair:1   | Received a gift from Yredelemnul (a vampire)
 17871 | Lair:2   | Reached skill level 10 in Armour
 18038 | Lair:2   | Reached XP level 13. HP: 61/103 MP: 19/19
 18039 | Lair:2   | Reached skill level 10 in Fighting
 18329 | Lair:2   | Found a staircase to the Snake Pit.
 18468 | Lair:2   | Received a gift from Yredelemnul (3 flying skulls)
 18655 | Lair:2   | Found a runed door.
 18828 | Lair:2   | Noticed a dire elephant
 18845 | Lair:2   | Killed a dire elephant
 19647 | Lair:3   | Noticed an eight-headed hydra
 19657 | Lair:3   | Killed an eight-headed hydra
 19928 | Lair:3   | Found a staircase to the Swamp.
 20163 | Lair:3   | Noticed a catoblepas
 20175 | Lair:3   | Killed a catoblepas
 20293 | Lair:3   | Noticed a six-headed hydra
 20302 | Lair:3   | Killed a six-headed hydra
 20796 | Lair:4   | Found a labyrinth entrance.
 20817 | Lab      | Entered a labyrinth
 21366 | Lab      | Noticed a minotaur
 21375 | Lab      | Killed a minotaur
 21377 | Lab      | Identified the Reference Book on Clay and Necromancy
 21379 | Lab      | Got a dazzling chain mail
 21379 | Lab      | Got a shimmering scale mail
 21415 | Lair:4   | Identified the +3 chain mail "Noff" {rC+ rCorr} (You found it in a labyrinth)
 21611 | Lair:4   | Reached skill level 13 in Long Blades
 21934 | Lair:4   | Reached skill level 10 in Invocations
 21953 | Lair:4   | Reached ***** piety under Yredelemnul
 22492 | Lair:5   | Noticed a catoblepas
 22505 | Lair:5   | Killed a catoblepas
 22511 | Lair:5   | Noticed a seven-headed hydra
 22525 | Lair:5   | Killed a seven-headed hydra
 22802 | Lair:5   | Noticed an eight-headed hydra
 22811 | Lair:5   | HP: 5/157 [eight-headed hydra (8)]
 22854 | Lair:5   | Killed an eight-headed hydra
 22868 | Lair:5   | Reached XP level 14. HP: 58/111 MP: 12/21
 23217 | Lair:5   | Got a crude pewter ring
 23218 | Lair:5   | Identified the ring of the Unkillable {Fire rPois Str+2 Dex-2} (You found it on level 5 of the Lair of Beasts)
 23800 | Lair:5   | Received a gift from Yredelemnul (a vampire)
 24193 | Lair:6   | Entered Level 6 of the Lair of Beasts
 24447 | Lair:6   | Found a staircase to the Slime Pits.
 24509 | Lair:6   | Received a gift from Yredelemnul (a vampire)
 24673 | Lair:6   | Received a gift from Yredelemnul (3 flying skulls)
 25152 | Lair:6   | Reached skill level 14 in Long Blades
 25616 | Lair:6   | Noticed a dire elephant
 25641 | Lair:6   | Killed a dire elephant
 25683 | Lair:6   | Noticed a dire elephant
 25699 | Lair:6   | Killed a dire elephant
 25845 | Lair:6   | Noticed a dire elephant
 25845 | Lair:6   | Noticed a dire elephant
 25876 | Lair:6   | Killed a dire elephant
 25887 | Lair:6   | Killed a dire elephant
 26535 | Orc:1    | Entered Level 1 of the Orcish Mines
 26553 | Orc:1    | Received a gift from Yredelemnul (a wraith)
 26682 | Orc:1    | Mangled by an orc knight

Skill      XL: |  1  2  3  4  5  6  7  8  9 10 11 12 13 14 |
---------------+-------------------------------------------+-----
Shields        | 4 5 6 7 8 9 10 11 12 | 12.5
Long Blades    | 3 4 5 6 8 9 11 12 13 14 | 14.3
Armour         | 4 5 6 7 8 9 10 11 | 11.6
Fighting       | 4 5 6 7 9 10 11 | 11.6
Invocations    | 1 4 6 7 9 10 11 | 11.2

Action                   |  1- 3 |  4- 6 |  7- 9 | 10-12 | 13-15 || total
-------------------------+-------+-------+-------+-------+-------++-------
Melee: Long sword        |    77 |   204 |   455 |   879 |    71 ||  1686
       Short sword       |       |       |       |   204 |   104 ||   308
       Scimitar          |       |       |       |       |   442 ||   442
Invok: Recall Undead Sla |       |       |       |     2 |       ||     2
       Drain Life        |       |       |       |     2 |     6 ||     8
 Abil: Dig               |       |       |     1 |       |       ||     1
  Use: Potion            |       |     1 |     3 |    13 |     8 ||    25
       Scroll            |       |       |    12 |     4 |    12 ||    28
 Stab: Distracted        |       |       |       |     2 |     4 ||     6
       Confused          |       |       |       |       |     3 ||     3
       Invisible         |       |       |       |       |     2 ||     2
  Eat: Chunk             |     1 |     3 |       |    33 |    27 ||    64
       Ration            |       |     1 |     5 |     3 |       ||     9
Armor: Scale mail        |    52 |    38 |       |       |       ||    90
       Chain mail        |       |    31 |   205 |   239 |   273 ||   748
       Ring mail         |       |       |       |    32 |    45 ||    77
       Skin              |       |       |       |    21 |   410 ||   431
Dodge: Dodged            |    44 |    74 |   175 |   325 |   212 ||   830
Block: Shield            |    56 |   125 |   325 |   644 |   599 ||  1749
       Rpst.: Long sword |    17 |    29 |    50 |    75 |     6 ||   177
       Scimitar          |       |       |       |       |    30 ||    30
